 Dungeon Crawl Stone Soup version 0.17-a0-1533-g2f57bce (webtiles) character file.

332 TheHolyPigeon the Magician (level 6, 0/41 HPs)
             Began as a Demonspawn Wizard on July 16, 2015.
             Was an Initiate of Sif Muna.
             Slain by a gnoll sergeant
             ... wielding a +2 spear of freezing
              (8 damage)
             ... on level 4 of the Dungeon.
             The game lasted 00:15:59 (4109 turns).

TheHolyPigeon the Magician (Demonspawn Wizard)      Turns: 4109, Time: 00:15:59

Health: 0/41       AC:  4    Str:  6 (8)  XL:     6   Next: 26%
Magic:  12/15      EV: 12    Int: 21      God:    Sif Muna [......]
Gold:   245        SH:  0    Dex: 11      Spells: 2 memorised, 14 levels left

rFire  . . .     SeeInvis .     (no weapon)
rCold  . . .     Clarity  .     a - +0 robe
rNeg   . . .     SustAt   .     (no shield)
rPois  .         Gourm    .     b - +1 hat
rElec  .         Spirit   .     j - +0 cloak
rCorr  .         Warding  .     (no gloves)
rMut   .         Stasis   +     (no boots)
MR     +....                    g - amulet of stasis
Stlth  ++........               (no ring)
                                (no ring)

@: somewhat resistant to hostile enchantments, unstealthy
A: demonic guardian 1, magic resistance 1, sense surroundings 1, spiny 1
a: Renounce Religion


You were on level 4 of the Dungeon.
You worshipped Sif Muna.
Sif Muna was noncommittal.
You were not hungry.

You visited 1 branch of the dungeon, and saw 5 of its levels.

You collected 245 gold pieces.

Inventory:

Armour
 a - a +0 robe (worn)
 b - a +1 hat (worn)
 j - a +0 cloak (worn)
Jewellery
 g - an amulet of stasis (around neck)
Magical devices
 f - a wand of confusion (12)
 h - a wand of lightning (4)
Scrolls
 e - a scroll of enchant armour
 i - 10 scrolls of identify
 k - a scroll of enchant weapon
 l - a scroll of noise {unknown}
 m - a scroll of amnesia
 n - a scroll of remove curse
Potions
 o - a potion of brilliance
 p - a potion of haste {unknown}
Books
 c - a book of Minor Magic

   Spells                             Type                      Level
   a - Magic Dart                     Conjuration                  1
   b - Blink                          Translocation                2
   c - Call Imp                       Summoning                    2
   d - Repel Missiles                 Charms/Air                   2
   e - Slow                           Hexes                        2
   f - Conjure Flame                  Conjuration/Fire             3
   g - Mephitic Cloud                 Conjuration/Poison/Air       3
Comestibles
 d - 2 bread rations


   Skills:
 - Level 1.7 Dodging
 - Level 1.7 Stealth
 * Level 6.2 Spellcasting
 - Level 2.4 Conjurations
   Level 1.0 Summonings
 - Level 0.8 Translocations


You had 14 spell levels left.
You knew the following spells:

 Your Spells              Type           Power        Failure   Level  Hunger
a - Magic Dart            Conj           ###.         3%          1    None
b - Blink                 Tloc           N/A          12%         2    None


Dungeon Overview and Level Annotations

Branches:
Dungeon (5/15)
 Temple: D:4-7

Altars:
Sif Muna
Zin


Innate Abilities, Weirdness & Mutations

A weak demonic guardian rushes to your aid.
You are partially covered in sharp spines.
You are resistant to hostile enchantments.
You passively map a small area around you.


Message History

Aim: a gnoll sergeant, wielding a spear of freezing and wearing a ring mail (heavily wounded)
The magic dart hits the gnoll sergeant.
The gnoll sergeant is heavily wounded.
Your ufetubus barely misses the gnoll sergeant. x2
The gnoll sergeant hits you with a spear of freezing.
* * * LOW HITPOINT WARNING * * *
The gnoll sergeant freezes you.
* * * LOW HITPOINT WARNING * * *
Your ufetubus closely misses the gnoll sergeant.
Your ufetubus hits the gnoll sergeant but does no damage.
The gnoll is struck by your spines.
You kill the gnoll!
The gnoll sergeant is struck by your spines.
The gnoll sergeant hits you but does no damage.
Your ufetubus barely misses the gnoll sergeant.
Your ufetubus hits the gnoll sergeant but does no damage.
You climb upwards.
Your summoned ally is left behind.
There is a stone staircase leading down here.
The gnoll sergeant hits you from afar with a spear of freezing!
You die...

.# #.#####.#.# .# #.# #.....# .#
###.###.###.# .###.......# #.#
...).#.###.###.#################
######.# #.....................#
# ##.####..#################)#
#####...###..####### #.......#
......#.......g>@..## #.####..##
#####...####.....†..# #.# #..#.
##### #######.(# #.# #..#.
#..####.####....
#..............#
######..####.##. #..# #.### #..#
#.# #..# #.###


You could see a gnoll sergeant.

Vanquished Creatures
  A worker ant (D:5)
  Robin (D:3)
  8 adders
  5 gnolls
  An ooze (D:1)
  A worm (D:3)
  A giant gecko (D:2)
  6 orcs
  4 ball pythons
  14 goblins
  15 hobgoblins
  6 jackals (D:2)
  6 quokkas
  9 bats
  4 giant cockroaches
  A giant gecko skeleton (D:5)
  3 giant newts
  5 kobolds
  11 rats
102 creatures vanquished.

Vanquished Creatures (collateral kills)
  A giant frog (D:4)
  2 gnolls (D:2)
3 creatures vanquished.

Grand Total: 105 creatures vanquished

Notes
Turn   | Place    | Note
--------------------------------------------------------------
     0 | D:1      | TheHolyPigeon the Demonspawn Wizard began the quest for the Orb.
     0 | D:1      | Reached XP level 1. HP: 13/13 MP: 4/4
   454 | D:1      | Gained mutation: You are partially covered in sharp spines. [demonic ancestry]
   454 | D:1      | Reached XP level 2. HP: 13/19 MP: 0/6
  1036 | D:2      | Gained mutation: A weak demonic guardian rushes to your aid. [demonic ancestry]
  1036 | D:2      | Reached XP level 3. HP: 22/24 MP: 2/8
  1048 | D:2      | Reached skill level 4 in Spellcasting
  1057 | D:2      | Reached XP level 4. HP: 25/30 MP: 0/10
  1251 | D:2      | Found a glowing silver altar of Zin.
  2054 | D:3      | Noticed Robin
  2065 | D:3      | Killed Robin
  2091 | D:3      | Reached XP level 5. HP: 9/35 MP: 0/12
  2327 | D:3      | Learned a level 2 spell: Blink
  2463 | D:3      | Reached skill level 5 in Spellcasting
  2884 | D:3      | Found a deep blue altar of Sif Muna.
  2887 | D:3      | Became a worshipper of Sif Muna the Loreminder
  2990 | D:3      | Gained mutation: You are resistant to hostile enchantments. [potion of beneficial mutation]
  2991 | D:3      | Gained mutation: You passively map a small area around you. [potion of beneficial mutation]
  3553 | D:5      | Entered Level 5 of the Dungeon
  3661 | D:5      | Reached XP level 6. HP: 41/41 MP: 6/14
  3751 | D:5      | Reached skill level 6 in Spellcasting
  4109 | D:4      | Slain by a gnoll sergeant

Vault maps used:
D:1:      dpeg_arrival_refuge
D:2:      lemuel_round_altar, minmay_bisected
D:3:      lemuel_blue_sif_altar, minivault_26, nrook_loot_triangle, uniq_robin
D:4:      minmay_misc_feat_doors, hangedman_abyss_or_decor_lesser_grid
D:5:      serial_shops, shop, first_bread, minivault_27,
          hangedman_decor_riveting, kennysheep_potato, uniq_sigmund

Action                   |  1- 3 |  4- 6 || total
-------------------------+-------+-------++-------
Melee: Unarmed           |    40 |    28 ||    68
 Cast: Magic Dart        |    43 |   166 ||   209
  Use: Scroll            |     3 |     7 ||    10
       Potion            |     3 |    10 ||    13
 Stab: Sleeping          |     1 |       ||     1
  Eat: Bread ration      |       |     2 ||     2
       Beef jerky        |       |     2 ||     2
